 Dungeon Crawl Stone Soup version 0.29.0-4-gdea44cf6ec (webtiles) character file.

Game seed: 779187622290206984

266 qw the Chopper (level 6, -4/35 HPs)
             Began as a Tengu Warper on Aug 28, 2022.
             Slain by an orc
             ... wielding a +0 morningstar
              (7 damage)
             ... on level 4 of the Dungeon.
             The game lasted 00:00:25 (4062 turns).

qw the Chopper (Tengu Warper)                       Turns: 4062, Time: 00:00:25

Health: -4/35      AC: 11    Str: 14    XL:     6   Next: 20%
Magic:  10/10      EV:  8    Int: 13    God:
Gold:   219        SH:  0    Dex: 13    Spells: 9/9 levels left

rFire   . . .      SeeInvis .   Y - +0 hand axe
rCold   . . .      Faith    .   (no shield)
rNeg    . . .      Spirit   .   a - +0 chain mail
rPois   .          Reflect  .   (helmet restricted)
rElec   .          Harm     .   (no cloak)
rCorr   .          Rampage  .   h - +1 pair of gloves
Will    .....                   (boots unavailable)
Stlth   ..........              (no amulet)
HPRegen 0.11/turn               (no ring)
MPRegen 0.12/turn               (no ring)

@: flying quickly and evasively, quick
A: beak, talons 3, nimble flight
a: no special abilities


You were on level 4 of the Dungeon.
You visited 1 branch of the dungeon, and saw 4 of its levels.

You collected 219 gold pieces.


Innate Abilities, Weirdness & Mutations

You have a beak for a mouth.
You have claws for feet.
Your magical nature lets you fly swiftly and evasively.


   Skills:
 - Level 2.0 Fighting
 + Level 6.4 Axes
 - Level 1.0 Throwing
 - Level 2.7 Armour
 - Level 2.1 Dodging
 - Level 2.0 Spellcasting
 - Level 2.4 Translocations


You had 9 spell levels left.
You didn't know any spells.
Your spell library contained the following spells:

 Spells                   Type           Power      Damage    Failure   Level
 Blink                    Tloc           14%        N/A       98%         2
 Gell's Gravitas          Tloc           7%         N/A       100%        3
 Lesser Beckoning         Tloc           7%         N/A       100%        3
 Teleport Other           Tloc           7%         N/A       100%        3
 Manifold Assault         Tloc           7%         N/A       100%        5

Inventory:

Hand Weapons
 n - a +0 mace
 Y - a +0 hand axe (weapon)
Armour
 a - a +0 chain mail (worn)
 h - a +1 pair of gloves (worn)
Jewellery
 e - a ring of resist corrosion
Scrolls
 c - a scroll of teleportation
 f - 3 scrolls of identify
 i - a scroll of enchant weapon {unknown}
Potions
 b - 2 potions of heal wounds
 d - a potion of haste {unknown}
 g - a potion of curing
 k - a potion of brilliance {unknown}
 l - a potion of might {unknown}
 o - a potion of resistance

Dungeon Overview and Level Annotations

Branches:
Dungeon (4/15)
 Temple: D:4-7

Altars:
Fedhas
Qazlal
Xom


Message History

The orc priest invokes the aid of Beogh against you.
Beogh smites you!
4036 ||| FLEEEEING.
4037 ||| FLEEEEING.
4038 ||| FLEEEEING.
The orc priest looks satisfied for a moment.
4039 ||| FLEEEEING.
4040 ||| FLEEEEING.
There is a fountain of clear blue water here.
There is a dry fountain here.
You start resting.
An orc priest is nearby!
4054 ||| READING 2 scrolls of teleportation.
As you read the scroll of teleportation, it crumbles to dust.
You feel strangely unstable.
4055 ||| DRINKING 3 potions of heal wounds.
You feel much better.
You hit the orc priest but do no damage.
You claw the orc priest.
The orc priest is moderately wounded.
Your surroundings suddenly seem different.
An orc, an orc wizard and an ogre come into view.
The orc wizard shouts!
You hit the ogre but do no damage. The ogre hits you but does no damage.
You barely miss the ogre. You claw the ogre.
The ogre is lightly wounded.
The ogre closely misses you.
You hit the ogre. You claw the ogre, but do no damage.
The ogre is heavily wounded.
You barely miss the orc. The orc hits you but does no damage.
You hit the ogre but do no damage. You claw the ogre!
The ogre is severely wounded.
You hit the orc wizard but do no damage.
You barely miss the orc.
The ogre hits you with a +0 giant spiked club!!
Ouch! That really hurt!
The orc hits you with a +0 morningstar!
You die...

.......#
#.#
....<..#
#o#
.......#
#.#
.......#
#.#
.......#
#.#
########
####<####
#....?..#
#....o..#
#....O@.#
......o..#
##.......#
#.......#
#.......#
#########


You could see an ogre, an orc wizard and an orc.

Vanquished Creatures
  2 scorpions (D:4)
  A hound (D:3)
  3 adders
  3 worms (D:4)
  3 orcs (D:4)
  8 bats
  10 endoplasms
  A giant cockroach (D:2)
  5 goblins
  7 hobgoblins
  9 jackals
  5 kobolds
  A quokka (D:1)
  4 ball pythons
  7 frilled lizards
  10 rats
  A spectral goblin (D:3)
  A butterfly (D:3)
81 creatures vanquished.

Vanquished Creatures (others)
  13 plants (D:1)
13 creatures vanquished.

Grand Total: 94 creatures vanquished

Notes
Turn   | Place    | Note
-------+----------+-------------------------------------------
     0 | D:1      | qw the Tengu Warper began the quest for the Orb.
     0 | D:1      | Reached XP level 1. HP: 12/12 MP: 4/4
     0 | D:1      | 0 ||| qw: Version: 0.1-a-89-g26bdef1
     0 | D:1      | 0 ||| qw: Game counter: 2921
     0 | D:1      | 0 ||| qw: Always use a shield: true
     0 | D:1      | 0 ||| qw: God list: Okawaru
     0 | D:1      | 0 ||| qw: Allow faded altars: false
     0 | D:1      | 0 ||| qw: Do Orc after D:15 true
     0 | D:1      | 0 ||| qw: Do second Lair branch before Depths: true
     0 | D:1      | 0 ||| qw: Lair rune preference: random
     0 | D:1      | 0 ||| qw: Plans: Normal
     0 | D:1      | 0 ||| PLANNING D:1-11
    97 | D:1      | Reached XP level 2. HP: 17/17 MP: 6/6
   112 | D:1      | Reached skill level 3 in Axes
   364 | D:1      | 364 ||| Stepping ~*~*~tactically~*~*~ (water).
   569 | D:1      | 569 ||| Stepping ~*~*~tactically~*~*~ (stealth).
   576 | D:1      | Reached XP level 3. HP: 19/21 MP: 7/7
   597 | D:1      | 597 ||| Stepping ~*~*~tactically~*~*~ (stealth).
   765 | D:1      | 765 ||| Stepping ~*~*~tactically~*~*~ (stealth).
   767 | D:1      | 767 ||| Stepping ~*~*~tactically~*~*~ (stealth).
   771 | D:1      | 771 ||| Stepping ~*~*~tactically~*~*~ (stealth).
   968 | D:1      | Reached skill level 4 in Axes
  1215 | D:1      | 1215 ||| UPGRADING to +0 scale mail.
  1225 | D:1      | 1225 ||| DROPPING +0 leather armour.
  1226 | D:1      | 1226 ||| UPGRADING to +1 pair of gloves.
  1231 | D:1      | 1231 ||| READING scroll labelled KISKEG FIVVIHA.
  1232 | D:1      | 1232 ||| READING scroll labelled VIULIA UWNIMOQ.
  1235 | D:1      | 1235 ||| DROPPING scroll of blinking.
  1428 | D:2      | Found a stormy altar of Qazlal.
  1858 | D:2      | 1858 ||| Stepping ~*~*~tactically~*~*~ (stealth).
  1862 | D:2      | Reached XP level 4. HP: 26/26 MP: 8/8
  2496 | D:2      | 2496 ||| UPGRADING to +0 chain mail.
  2506 | D:2      | 2506 ||| DROPPING +0 scale mail.
  2507 | D:2      | 2507 ||| READING scroll labelled FYAPUW TIB VER.
  2657 | D:2      | 2657 ||| READING scroll labelled ULEFIELIGO.
  2658 | D:2      | 2658 ||| READING scroll labelled SISACVUPHUO.
  2659 | D:2      | 2659 ||| READING scroll labelled XEYCYDOCEG.
  2660 | D:2      | 2660 ||| DRINKING 3 brown potions.
  2661 | D:2      | 2661 ||| DRINKING 2 golden potions.
  2709 | D:3      | Found a faded altar of an unknown god.
  2864 | D:3      | Found a shimmering altar of Xom.
  2931 | D:3      | Reached skill level 5 in Axes
  2964 | D:3      | 2964 ||| DROPPING +0 club.
  3461 | D:3      | 3461 ||| READING 2 scrolls labelled YNEREO BIDD.
  3462 | D:3      | 3462 ||| READING scroll labelled GILEMI VEIZU.
  3463 | D:3      | 3463 ||| DRINKING 2 fuming grey potions.
  3464 | D:3      | 3464 ||| READING 3 scrolls of identify.
  3464 | D:3      | 3464 ||| IDENTIFYING blue potion
  3465 | D:3      | 3465 ||| READING 2 scrolls of identify.
  3465 | D:3      | 3465 ||| IDENTIFYING lumpy golden potion
  3466 | D:3      | 3466 ||| DROPPING potion of berserk rage.
  3467 | D:3      | 3467 ||| DROPPING potion of attraction.
  3468 | D:3      | 3468 ||| DROPPING scroll of vulnerability.
  3502 | D:4      | 3502 ||| STAIRDANCE
  3508 | D:4      | 3508 ||| STAIRDANCE
  3515 | D:4      | 3515 ||| STAIRDANCE
  3524 | D:3      | Gained mutation: Your magical nature lets you fly swiftly
                  | and evasively. [Tengu growth]
  3524 | D:3      | Reached XP level 5. HP: 25/30 MP: 9/9
  3622 | D:4      | 3622 ||| Stepping ~*~*~tactically~*~*~ (stealth).
  3634 | D:4      | Found a blossoming altar of Fedhas.
  3638 | D:4      | 3638 ||| Stepping ~*~*~tactically~*~*~ (stealth).
  3984 | D:4      | Reached skill level 6 in Axes
  3984 | D:4      | Reached XP level 6. HP: 35/35 MP: 10/10
  4034 | D:4      | 4034 ||| FLEEEEING.
  4035 | D:4      | 4035 ||| FLEEEEING.
  4035 | D:4      | HP: 3/35 [orc priest/divine providence (10)]
  4036 | D:4      | 4036 ||| FLEEEEING.
  4037 | D:4      | 4037 ||| FLEEEEING.
  4038 | D:4      | 4038 ||| FLEEEEING.
  4039 | D:4      | 4039 ||| FLEEEEING.
  4040 | D:4      | 4040 ||| FLEEEEING.
  4054 | D:4      | 4054 ||| READING 2 scrolls of teleportation.
  4055 | D:4      | 4055 ||| DRINKING 3 potions of heal wounds.
  4062 | D:4      | HP: 3/35 [ogre/+0 giant spiked club (27)]
  4062 | D:4      | Slain by an orc

Levels and vault maps discovered:
D:1:      wander_arrival_lonely_grave, layout_loops_ring, serial_bayou,
          serial_bayou_ford_a, serial_bayou_lagoon_b, serial_bayou_crossing,
          serial_bayou_pond_b
D:2:      layout_basic, basic_altar, nicolae_hexahallways
D:3:      layout_basic, xom_butterflies,
          dreamdust_ecumenical_altar_drowned_temple, kennysheep_generic_room_10
D:4:      layout_rooms, mainiacjoe_overflow_tiny_flanked,
          mainiacjoe_overflow_concentric_impassable, grunt_ministairs_13

Skill      XL: |  1  2  3  4  5 |
---------------+----------------+-----
Axes           | 3 4 5 6 |  6.4
Armour         | 2 |  2.7
Fighting       | |  2.0
Throwing       | |  1.0
Dodging        | |  2.1
Spellcasting   | |  2.0
Translocations | |  2.4

Action                   |  1- 3 |  4- 6 || total
-------------------------+-------+-------++-------
Melee: Hand axe          |   106 |    93 ||   199
       Kick              |    28 |    21 ||    49
       Peck              |    13 |    19 ||    32
       Punch             |     3 |     1 ||     4
Throw: Boomerang         |     7 |       ||     7
  Use: Scroll            |     2 |     9 ||    11
       Potion            |       |     4 ||     4
Armor: Leather armour    |    14 |       ||    14
       Scale mail        |    23 |     3 ||    26
       Chain mail        |       |    44 ||    44
Dodge: Dodged            |    43 |    25 ||    68

Table legend:
 A = Non-vault XP
 B = Vault XP
 C = Vault XP percentage of total XP
 D = Non-vault monster count
 E = Vault monster count
 F = Vault count percentage of total count
                 A         B        C        D         E       F
            +---------+---------+-------+---------+---------+-------
      Total |     293 |      87 |  22.9 |      73 |       7 |   8.8
            +---------+---------+-------+---------+---------+-------
        D:1 |      45 |       4 |   8.2 |      29 |       3 |   9.4
        D:2 |      57 |       0 |   0.0 |      20 |       0 |   0.0
        D:3 |      73 |       2 |   2.7 |      13 |       2 |  13.3
        D:4 |     118 |      81 |  40.7 |      11 |       2 |  15.4
            +---------+---------+-------+---------+---------+-------
